 Dungeon Crawl Stone Soup version 0.24-a0-698-g60d090ba07 (webtiles) character file.

183 senseless the Skirmisher (level 5, 55/55 HPs)
             Began as an Ogre Berserker on Sept 8, 2015.
             Was a Believer of Trog.
             Quit the game on level 2 of the Dungeon on May 30, 2020.
             The game lasted 00:04:34 (1379 turns).

senseless the Skirmisher (Ogre Berserker)           Turns: 1379, Time: 00:04:35

Health: 55/55      AC:  3    Str: 22    XL:     5   Next: 62%
Magic:  5/5        EV:  6    Int:  6    God:    Trog [**....]
Gold:   86         SH: 15    Dex: 10    Spells: 4/4 levels left

rFire    . . .     SeeInvis .   a - +0 mace
rCold    . . .     Gourm    .   e - +2 large shield
rNeg     . . .     Faith    .   b - +0 animal skin
rPois    .         Spirit   .   (helmet restricted)
rElec    .         Reflect  .   (no cloak)
rCorr    .         Harm     .   (gloves unavailable)
MR       .....                  (boots unavailable)
Stlth    +.........             k - amulet of magic regeneration
HPRegen  0.18/turn              (no ring)
MPRegen  0.09/turn              (no ring)

@: very slow
A: large, unfitting armour, tough skin 1
a: Berserk, Trog's Hand, Renounce Religion


You were on level 2 of the Dungeon.
You worshipped Trog.
Trog was pleased with you.
You were not hungry.

You visited 1 branch of the dungeon, and saw 2 of its levels.

You collected 86 gold pieces.

Inventory:

Hand Weapons
 a - a +0 mace (weapon)
 m - a +0 scythe of slicing
Missiles
 n - 2 javelins (quivered)
Armour
 b - a +0 animal skin (worn)
 e - a +2 large shield (worn)
Jewellery
 k - an amulet of magic regeneration (around neck)
Wands
 l - a wand of polymorph (5)
Scrolls
 d - a scroll of remove curse {unknown}
 o - a scroll of enchant weapon {unknown}
 p - a scroll of teleportation {unknown}
 q - a scroll of identify {unknown}
Potions
 h - a potion of mutation {unknown}
 i - a potion of agility {unknown}
 j - 2 potions of brilliance {unknown}
Comestibles
 c - a ration
 f - a ration


   Skills:
 + Level 4.7 Fighting
 + Level 3.6 Maces & Flails
 + Level 4.0 Dodging
 + Level 0.1 Stealth
 + Level 1.9 Shields


You had 4 spell levels left.
You didn't know any spells.
Your spell library was empty.

Dungeon Overview and Level Annotations

Branches:
Dungeon (2/15)

Altars:
Dithmenos
Okawaru


Innate Abilities, Weirdness & Mutations

You are too large for most types of armour.
You have tough skin. (AC +1)


Message History

The bat barely misses you. You block the bat's attack.
You block the bat's attack.
You closely miss the bat. You block the bat's attack.
You hit the bat.
You kill the bat!
Trog accepts your kill.
No target in view!
You are near starving!
Eat which item? (? for menu, Esc to quit)
You continue eating.
You finish eating.
That meat ration really hit the spot!
You enter the shallow water.
Moving in this stuff is going to be slow.
Done exploring.
Your Maces & Flails skill lost 2 levels and is now at level 3!
Welcome back, senseless the Ogre Berserker.
Trog says: Kill them all!
Press ? for a list of commands and other information.
Are you sure you want to abandon this character and quit the game? (Confirm with "yes".)

#<...........####....
#.....P≈P.P≈P..##....
#...≈PPPP≈P♣≈≈P##....
##P≈.P≈≈♣≈♣≈≈≈.P......
##≈PPP≈≈≈♣≈P≈.≈P.......
#.PP≈♣♣≈≈PPP####.......
#≈P≈≈≈≈♣PPP## #.......
#P≈≈≈♣♣PP.≈# #...##.#
#PP≈♣≈@♣PP### #...##.#
#.≈P≈≈≈♣PPPP####...##.#
#.PPP≈≈≈♣≈≈P≈.P#....#>#
#.#..P≈PP♣≈≈≈P≈P.......
#...###P≈.P≈♣≈≈.P...#.#
###.# ###P≈.PPP≈....#.#
#.# ###≈P≈P≈....#.# #.#
###P≈.P...#.. #.#
##.##..####


There were no monsters in sight!

Vanquished Creatures
  Sigmund (D:2)
  A leopard gecko (D:1)
  3 giant cockroaches
  5 goblins (D:1)
  4 hobgoblins (D:1)
  3 bats
  3 frilled lizards (D:1)
  4 kobolds
  3 rats
27 creatures vanquished.

Notes
Turn   | Place    | Note
-------+----------+-------------------------------------------
     0 | D:1      | senseless the Ogre Berserker began the quest for the Orb.
     0 | D:1      | Reached XP level 1. HP: 24/24 MP: 1/1
   106 | D:1      | Reached XP level 2. HP: 31/33 MP: 2/2
   448 | D:1      | Reached * piety under Trog
   584 | D:1      | Reached XP level 3. HP: 33/40 MP: 3/3
   727 | D:2      | Noticed Sigmund
   751 | D:2      | Killed Sigmund
   751 | D:2      | Reached skill level 5 in Maces & Flails
   751 | D:2      | Reached skill level 1 in Shields
   751 | D:2      | Reached XP level 4. HP: 49/49 MP: 4/4
   751 | D:2      | Reached XP level 5. HP: 55/55 MP: 5/5
   895 | D:2      | Found a shadowy altar of Dithmenos.
  1161 | D:2      | Found an iron altar of Okawaru.
  1379 | D:2      | Quit the game

Levels and vault maps discovered:
D:1:      sevenhm_arrival_forest_fort_small_4, minmay_misc_feat_pillars,
          roderic_nine_men_s_morris
D:2:      old_standard_altar, serial_bayou_lagoon_a, okawaru_ov_weapons_minmay,
          uniq_sigmund

Skill      XL: |  1  2  3  4  5 |
---------------+----------------+-----
Maces & Flails | 5 3 |  3.6
Shields        | 1 |  1.9
Fighting       | |  4.7
Dodging        | |  4.0
Stealth        | |  0.1

Action                   |  1- 3 |  4- 6 || total
-------------------------+-------+-------++-------
Melee: Mace              |    94 |     6 ||   100
Throw: Javelin           |     2 |       ||     2
 Stab: Sleeping          |     1 |       ||     1
  Eat: Ration            |       |     1 ||     1

Table legend:
 A = Non-vault XP
 B = Vault XP
 C = Vault XP percentage of total XP
 D = Non-vault monster count
 E = Vault monster count
 F = Vault count percentage of total count
                 A         B        C        D         E       F
            +---------+---------+-------+---------+---------+-------
      Total |       0 |       0 |   N/A |       0 |       0 |  -nan
            +---------+---------+-------+---------+---------+-------
            +---------+---------+-------+---------+---------+-------
